[Event "Titled Tuesday Blitz October 18 Late 2022"]
[White "Mickiewicz, Piotr"]
[Black "Lima, Endson Dos Santos"]
[WhiteFideId "1114891"]
[BlackFideId "2133199"]
[WhiteElo "2246"]
[BlackElo "1953"]
[Result "0-1"]
[Round "11"]
[TimeControl "180+1"]
[Date "2022.10.19"]
[WhiteClock "0:00:04"]
[BlackClock "0:00:09"]

1. e4 c5 2. Nf3 d6 3. Bb5+ Bd7 4. Qe2 Nc6 5. O-O e6 6. d3 Nf6 7. c4 Be7 8. Nc3 O-O 9. h3 a6 10. Bxc6 Bxc6 11. d4 cxd4 12. Nxd4 Rc8 13. b3 Re8 14. Bb2 Qa5 15. Rfd1 b5 16. cxb5 axb5 17. Nxc6 Rxc6 18. Nxb5 Nxe4 19. Nd4 Nc3 20. Qg4 Rcc8 21. Rd3 Bf6 22. Kh1 Nd5 23. a3 Qb6 24. Rad1 g6 25. b4 Rc4 26. Qf3 Bg7 27. Ba1 Rec8 28. Nxe6 fxe6 29. Bxg7 Kxg7 30. Qg3 Rc1 31. Kh2 Rxd1 32. Rxd1 Qc6 33. Rd3 e5 34. Rf3 Nf4 35. Qg4 Rc7 36. g3 Nd5 37. a4 Nf6 38. Rxf6 Kxf6 39. Qh4+ Kg7 40. b5 Qc4 41. Qd8 Rf7 42. Qb6 Qe2 43. Kg2 Qf3+ 44. Kg1 e4 45. Qd4+ Qf6 46. Qe3 Qf3 47. Qd4+ Qf6 48. Qd2 d5 49. a5 d4 50. b6 e3 51. fxe3 Qf1+ 52. Kh2 Rf2+ 53. Qxf2 Qxf2+ 54. Kh1 dxe3 55. b7 e2 0-1


[Site "https://www.chess.com"]

[Event "Titled Tuesday Blitz October 18 Late 2022"]
[White "Mikhailov, Viacheslav"]
[Black "Madaminov, Mukhiddin"]
[WhiteFideId "4187369"]
[BlackFideId "14210703"]
[WhiteElo "2381"]
[BlackElo "2341"]
[Result "0-1"]
[Round "11"]
[TimeControl "180+1"]
[Date "2022.10.18"]
[WhiteClock "0:00:02"]
[BlackClock "0:00:20"]

1. Nf3 Nf6 2. g3 g6 3. Bg2 Bg7 4. O-O O-O 5. c4 c6 6. Nc3 d5 7. cxd5 cxd5 8. d3 Nc6 9. Bf4 Nh5 10. Bd2 Nf6 11. Bf4 d4 12. Nb5 Nd5 13. Bd2 Qb6 14. a4 a6 15. Na3 h6 16. Nc4 Qd8 17. Qb3 Rb8 18. Rfc1 e5 19. Ncxe5 Nxe5 20. Nxe5 Be6 21. Nc4 b5 22. axb5 axb5 23. Na5 Nc3 24. Qb4 Nxe2+ 25. Kh1 Nxc1 26. Rxc1 Qb6 27. Nc6 Ra8 28. Ne7+ Kh7 29. Bxa8 Rxa8 30. Qc5 Qxc5 31. Rxc5 Bf8 32. Rc7 Bh3 33. Nd5 Ra1+ 34. Rc1 Ra2 35. Nf4 Rxb2 36. Nxh3 Rxd2 37. Rc7 Kg8 38. Nf4 Bd6 39. Rc8+ Kg7 40. Nd5 Rxf2 41. Rc6 Bf8 42. Rb6 b4 43. Kg1 Rf3 0-1


[Site "https://www.chess.com"]

[Event "Titled Tuesday Blitz October 18 Late 2022"]
[White "Moaataz, Ayah"]
[Black "Winterberg, Lukas"]
[WhiteFideId "10615873"]
[BlackFideId "24622702"]
[WhiteElo "1993"]
[BlackElo "2349"]
[Result "1-0"]
[Round "11"]
[TimeControl "180+1"]
[Date "2022.10.19"]
[WhiteClock "0:00:43"]
[BlackClock "0:00:02"]

1. c4 e6 2. g3 d5 3. Bg2 Nf6 4. Nf3 Be7 5. O-O O-O 6. b3 d4 7. Bb2 c5 8. b4 Re8 9. d3 Nc6 10. bxc5 Bxc5 11. Nbd2 e5 12. Nb3 Bf8 13. a4 h6 14. a5 a6 15. Ba3 Bxa3 16. Rxa3 Bg4 17. Nfd2 Qd7 18. Nc5 Qe7 19. Ndb3 Nd7 20. Nxb7 Qxa3 21. Bxc6 Rac8 22. Bg2 Rb8 23. c5 Rec8 24. c6 Nf6 25. N3c5 e4 26. dxe4 Rxc6 27. Qxd4 Rc7 28. e5 Bxe2 29. Re1 Bb5 30. exf6 g6 31. Qf4 Rbc8 32. Qxh6 1-0


[Site "https://www.chess.com"]

[Event "Titled Tuesday Blitz October 18 Late 2022"]
[White "Mohammadian, Mohammad"]
[Black "Curtis, John"]
[WhiteFideId "12566055"]
[BlackFideId "3200256"]
[WhiteElo "1489"]
[BlackElo "2203"]
[Result "0-1"]
[Round "11"]
[TimeControl "180+1"]
[Date "2022.10.19"]
[WhiteClock "0:00:35"]
[BlackClock "0:00:31"]

1. e4 e5 2. Nf3 Nc6 3. Bb5 a6 4. Ba4 Nf6 5. O-O b5 6. Bb3 Be7 7. Re1 O-O 8. d3 d6 9. Nc3 Na5 10. Be3 c5 11. Bd5 Rb8 12. a3 Nxd5 13. Nxd5 Nc6 14. Nxe7+ Qxe7 15. b3 f5 16. exf5 Bxf5 17. Bd2 Bg4 18. Re3 Nd4 19. c3 Bxf3 20. gxf3 Nf5 21. Re1 Nh4 22. f4 Qb7 23. Qg4 Nf3+ 24. Kf1 Nxd2+ 25. Ke2 Rxf4 26. Qe6+ Qf7 27. Qxf7+ Kxf7 28. Kxd2 Rxf2+ 29. Re2 Rxe2+ 30. Kxe2 d5 31. Rf1+ Ke6 32. Rf2 Re8 33. Rg2 Re7 34. Kd2 Rf7 35. a4 g6 36. axb5 axb5 37. c4 Ra7 38. Kc1 bxc4 39. bxc4 dxc4 40. dxc4 Ra3 41. Kb2 Rf3 42. Rc2 e4 43. Re2 Ke5 44. Kc2 Kd4 45. Rd2+ Kxc4 46. Rd7 Rf2+ 47. Kd1 Rxh2 48. Re7 Kd3 49. Rd7+ Ke3 50. Kc1 g5 51. Rc7 g4 52. Rxc5 Kd4 53. Rc7 h5 54. Rd7+ Kc3 55. Rc7+ Kd3 56. Rd7+ Ke2 57. Re7 e3 58. Kc2 g3 59. Re5 h4 60. Kc3 Rh1 61. Kd4 Rd1+ 62. Ke4 g2 63. Rg5 g1=Q 64. Rxg1 Rxg1 65. Kf4 Kf2 66. Ke4 e2 67. Kf4 e1=Q 68. Kf5 h3 0-1


[Site "https://www.chess.com"]

[Event "Titled Tuesday Blitz October 18 Late 2022"]
[White "Naroditsky, Daniel"]
[Black "Matinian, Nikita"]
[WhiteFideId "2026961"]
[BlackFideId "24129100"]
[WhiteElo "2628"]
[BlackElo "2422"]
[Result "1-0"]
[Round "11"]
[TimeControl "180+1"]
[Date "2022.10.18"]
[WhiteClock "0:00:01"]
[BlackClock "0:00:01"]

1. e4 e5 2. Nf3 Nc6 3. Bb5 a6 4. Ba4 Bc5 5. d3 d6 6. Be3 Bxe3 7. fxe3 Ne7 8. O-O O-O 9. Nc3 f5 10. Bb3+ Kh8 11. Ng5 Qe8 12. Rf3 h6 13. Ne6 Bxe6 14. Bxe6 f4 15. Nd5 Ng6 16. Nxc7 Qe7 17. Nxa8 Nh4 18. Rh3 fxe3 19. Qe1 Rf2 20. Qxe3 Rxg2+ 21. Kh1 Rxc2 22. Rf1 Nd4 23. Bg4 Ng2 24. Rxh6+ Kg8 25. Qg3 Nf4 26. Nb6 Qg5 27. Rxd6 Rg2 28. Be6+ Ndxe6 29. Qxg5 Rxg5 30. Nd5 Rg4 31. Nxf4 Nxf4 32. d4 exd4 33. Rxd4 Nh3 34. Rd3 Ng5 35. e5 Re4 36. Rd8+ Kh7 37. Rd7 b5 38. Rd6 Rxe5 39. Rxa6 Re2 40. b3 Ne4 41. Rb6 Nd2 42. Rf4 Ne4 43. Kg1 1-0


[Site "https://www.chess.com"]

[Event "Titled Tuesday Blitz October 18 Late 2022"]
[White "Osmak, Yuliia"]
[Black "Kovacevic, Radmila"]
[WhiteFideId "14101602"]
[BlackFideId "933171"]
[WhiteElo "2328"]
[BlackElo "2208"]
[Result "1-0"]
[Round "11"]
[TimeControl "180+1"]
[Date "2022.10.18"]
[WhiteClock "0:00:32"]
[BlackClock "0:00:17"]

1. d4 e5 2. dxe5 Nc6 3. Nf3 Qe7 4. Bf4 Qb4+ 5. Bd2 Qxb2 6. Nc3 Bb4 7. Rb1 Qxc3 8. Bxc3 Bxc3+ 9. Nd2 Bxe5 10. e3 Nf6 11. Bd3 O-O 12. O-O a6 13. f4 Bc3 14. Ne4 Nxe4 15. Bxe4 Bf6 16. Qd3 h6 17. Bf5 Rd8 18. e4 Bd4+ 19. Kh1 b5 20. e5 Bb6 21. Bh7+ Kh8 22. Be4 Bb7 23. Bd5 Rf8 24. c3 Rad8 25. Rbe1 d6 26. e6 fxe6 27. Rxe6 Bc8 28. Ree1 Bf5 29. Be4 Ne7 30. Bxf5 Nxf5 31. Re6 d5 32. Rfe1 Nd6 33. Qxd5 Rxf4 34. Rxh6+ gxh6 35. Qe5+ Kh7 36. Qxf4 Rd7 37. Re6 Nf7 38. Qf5+ Kh8 39. Re8+ Kg7 40. Qxd7 a5 41. Re7 Kg6 42. Rxf7 b4 43. Qf5# 1-0


[Site "https://www.chess.com"]

[Event "Titled Tuesday Blitz October 18 Late 2022"]
[White "Ovezdurdyyeva, Jemal"]
[Black "Machidon, Cristi"]
[WhiteFideId "14001888"]
[BlackFideId "13904590"]
[WhiteElo "1961"]
[BlackElo "2312"]
[Result "0-1"]
[Round "11"]
[TimeControl "180+1"]
[Date "2022.10.19"]
[WhiteClock "0:02:23"]
[BlackClock "0:02:38"]

1. e4 g6 2. d4 Bg7 3. Nf3 d6 4. Nc3 a6 5. Be2 b5 6. a3 Bb7 7. O-O Nf6 8. e5 Nd5 9. Ne4 O-O 10. e6 fxe6 11. Neg5 Qd7 0-1


[Site "https://www.chess.com"]

[Event "Titled Tuesday Blitz October 18 Late 2022"]
[White "Ozalp, Burak"]
[Black "Wiegmann, Sascha"]
[WhiteFideId "6314210"]
[BlackFideId "4682041"]
[WhiteElo "2106"]
[BlackElo "2298"]
[Result "1-0"]
[Round "11"]
[TimeControl "180+1"]
[Date "2022.10.19"]
[WhiteClock "0:00:14"]
[BlackClock "0:00:04"]

1. e4 c5 2. Nf3 d6 3. d4 cxd4 4. Nxd4 Nf6 5. Nc3 a6 6. Bg5 e6 7. Qe2 b5 8. a3 Nbd7 9. O-O-O Bb7 10. f4 Rc8 11. e5 Rxc3 12. bxc3 dxe5 13. fxe5 Bxa3+ 14. Kb1 Qc7 15. Nxb5 axb5 16. exf6 gxf6 17. Qxb5 Bc6 18. Qb3 Be7 19. Bh6 Nc5 20. Qc4 Qb7+ 21. Kc1 Rg8 22. Be3 Nd7 23. Be2 Rxg2 24. Rhg1 Rxg1 25. Rxg1 Ne5 26. Qb3 Qxb3 27. cxb3 f5 28. b4 Kd7 29. b5 Be4 30. b6 Nd3+ 31. Bxd3 Bxd3 32. Kd2 Be4 33. Ra1 Kc6 34. Ra7 Bc5 35. Rc7+ Kxb6 36. Rxc5 f4 37. Bf2 f3 38. Re5+ Kc6 39. Rxe4 Kd6 40. Re3 1-0


[Site "https://www.chess.com"]

[Event "Titled Tuesday Blitz October 18 Late 2022"]
[White "P., Komal Kishore"]
[Black "Jimenez Fernandez, Rebeca"]
[WhiteFideId "5016703"]
[BlackFideId "32070934"]
[WhiteElo "2102"]
[BlackElo "1946"]
[Result "0-1"]
[Round "11"]
[TimeControl "180+1"]
[Date "2022.10.19"]
[WhiteClock "0:00:06"]
[BlackClock "0:00:17"]

1. e4 c5 2. Nf3 Nc6 3. Bb5 g6 4. O-O Bg7 5. c3 Nf6 6. e5 Nd5 7. d4 cxd4 8. cxd4 O-O 9. Nc3 Nc7 10. Be2 d6 11. exd6 Qxd6 12. Be3 Bg4 13. h3 Bxf3 14. Bxf3 Nxd4 15. Bxb7 Rab8 16. Bxd4 Qxd4 17. Qxd4 Bxd4 18. Bf3 Rxb2 19. Rac1 Bxc3 20. Rxc3 Nb5 21. Rc5 Nd4 22. Bd5 e6 23. Bc4 Rc2 24. Rd1 Nf5 25. Rd7 Rb8 26. Rcc7 Nh6 27. g4 Rb1+ 28. Kg2 Rbb2 29. Bxe6 Rxf2+ 30. Kg1 fxe6 31. Rg7+ Kf8 32. Rxh7 Rf7 33. Rc8+ Ke7 34. Rxh6 Kf6 35. a4 Kg5 36. Rhh8 Rd7 37. Rhd8 Rxd8 38. Rxd8 Ra2 39. Re8 Rxa4 40. Rxe6 Ra2 41. Rc6 a5 42. Ra6 a4 43. Kh1 Kh4 44. Rxg6 Kg3 0-1


[Site "https://www.chess.com"]

[Event "Titled Tuesday Blitz October 18 Late 2022"]
[White "Papasimakopoulos, Alexandros"]
[Black "Rosen, Eric"]
[WhiteFideId "4244125"]
[BlackFideId "2032562"]
[WhiteElo "2357"]
[BlackElo "2362"]
[Result "1-0"]
[Round "11"]
[TimeControl "180+1"]
[Date "2022.10.18"]
[WhiteClock "0:00:15"]
[BlackClock "0:00:02"]

1. d4 d5 2. c4 e6 3. Nc3 Nf6 4. cxd5 exd5 5. Bg5 c6 6. Qc2 Bd6 7. e3 O-O 8. Bd3 h6 9. Bh4 Re8 10. Nge2 a5 11. Bg3 Na6 12. a3 Nc7 13. O-O Ne6 14. Rab1 Ng5 15. b4 b5 16. Bxd6 Qxd6 17. Bxb5 Ng4 18. Nf4 axb4 19. axb4 cxb5 20. Nxb5 Qf6 21. Nc7 Bf5 22. Nxe8 Rxe8 23. Qe2 Bxb1 24. Qxg4 Be4 25. Qd1 Ne6 26. Ne2 Qg6 27. f3 Bd3 28. Re1 Bc4 29. Nc3 Rb8 30. b5 h5 31. Qd2 h4 32. h3 Ng5 33. Kh1 Nh7 34. e4 Nf6 35. Qf4 Ra8 36. Qxh4 Ra3 37. Rc1 dxe4 38. fxe4 Rb3 39. e5 Rb2 40. Rg1 Rc2 41. exf6 Rxc3 42. fxg7 Kxg7 43. Qe1 Rd3 44. Qe5+ f6 45. Qc7+ Bf7 46. b6 Qe4 47. Kh2 Rb3 48. d5 Rb2 49. d6 Qe5+ 50. Kh1 Qe4 51. d7 Be6 52. d8=Q+ Kg6 53. Qg3+ 1-0


[Site "https://www.chess.com"]

[Event "Titled Tuesday Blitz October 18 Late 2022"]
[White "Paravyan, David"]
[Black "Firouzja, Alireza"]
[WhiteFideId "4194985"]
[BlackFideId "12573981"]
[WhiteElo "2555"]
[BlackElo "2903"]
[Result "1/2-1/2"]
[Round "11"]
[TimeControl "180+1"]
[Date "2022.10.18"]
[WhiteClock "0:00:26"]
[BlackClock "0:00:15"]

1. e4 e5 2. Nf3 Nc6 3. Nc3 Nf6 4. d4 exd4 5. Nxd4 Bb4 6. Nxc6 bxc6 7. Bd3 d5 8. exd5 O-O 9. O-O Bg4 10. f3 Bh5 11. Bg5 Bxc3 12. bxc3 cxd5 13. c4 c6 14. cxd5 Qxd5 15. Bxf6 gxf6 16. Qe1 Bg6 17. Qc3 Rad8 18. Qxf6 Qd4+ 19. Qxd4 Rxd4 20. Bxg6 hxg6 21. Rfd1 Rfd8 22. Rxd4 Rxd4 23. Rb1 Rd2 24. Rb7 Rxc2 25. Rxa7 c5 26. h4 c4 27. Kh2 c3 28. Kh3 Rb2 29. Rc7 Rxa2 30. Rxc3 Kg7 31. Rc5 Ra1 32. Kg4 Ra2 33. g3 Ra3 34. Rc7 Ra4+ 35. f4 Ra3 36. Rb7 Rc3 37. Ra7 Rb3 38. h5 gxh5+ 39. Kh4 Kg6 40. Ra5 f5 41. Ra6+ Kg7 42. Rd6 Ra3 43. Rd8 Rb3 44. Rd7+ Kg6 45. Rc7 Ra3 46. Rc8 Kg7 47. Rb8 Rc3 48. Rb5 Kg6 49. Rb6+ Kg7 50. Rd6 Ra3 1/2-1/2


[Site "https://www.chess.com"]

[Event "Titled Tuesday Blitz October 18 Late 2022"]
[White "Pavlidou, Ekaterini"]
[Black "Arkell, Keith C"]
[WhiteFideId "4213262"]
[BlackFideId "400270"]
[WhiteElo "2125"]
[BlackElo "2336"]
[Result "0-1"]
[Round "11"]
[TimeControl "180+1"]
[Date "2022.10.19"]
[WhiteClock "0:00:24"]
[BlackClock "0:01:34"]

1. d4 e6 2. c4 Bb4+ 3. Bd2 Bxd2+ 4. Nxd2 d6 5. e4 Qe7 6. f4 e5 7. fxe5 dxe5 8. d5 a5 9. Ngf3 Bg4 10. Qa4+ Nd7 11. Be2 Bxf3 12. Bxf3 Nf6 13. O-O O-O 14. Qb5 Qb4 15. Nb3 Rfc8 16. Bg4 c6 17. Qxb4 axb4 18. Bxd7 Nxd7 19. d6 c5 20. Rfd1 Rc6 21. Rd5 f6 22. a4 bxa3 23. Rxa3 Rxa3 24. bxa3 Kf7 25. Nc1 Ke6 26. Ne2 Rxd6 27. Nc3 Rc6 28. Na4 b6 29. Nc3 Rc7 30. Nb5 Rc6 31. Na7 Rc7 32. Nb5 Rb7 33. g4 Rb8 34. Kf2 Ke7 35. Ke3 h5 36. h3 hxg4 37. hxg4 Rh8 38. Rd2 Rh3+ 39. Ke2 Rg3 40. Kf2 Rb3 41. Kg2 Re3 42. Nd6 Rxa3 43. Nc8+ Ke8 44. Nd6+ Kf8 45. Nc8 Nb8 46. Nxb6 Nc6 47. Nd7+ Ke7 48. Nxc5 Nd4 49. Rb2 Rc3 50. Rb7+ Kd6 51. Na6 Rxc4 52. Rxg7 Ne6 53. Rf7 Rc2+ 54. Kf3 Ng5+ 0-1


[Site "https://www.chess.com"]

[Event "Titled Tuesday Blitz October 18 Late 2022"]
[White "Petrova, Irina"]
[Black "Bulgurlu, Okan"]
[WhiteFideId "14124122"]
[BlackFideId "6352316"]
[WhiteElo "2023"]
[BlackElo "2192"]
[Result "1-0"]
[Round "11"]
[TimeControl "180+1"]
[Date "2022.10.19"]
[WhiteClock "0:01:03"]
[BlackClock "0:01:13"]

1. e4 c5 2. Nf3 Nc6 3. Bb5 a6 4. Bxc6 bxc6 5. O-O g6 6. Re1 Bg7 7. c3 Nf6 8. d4 cxd4 9. cxd4 O-O 10. Nc3 d5 11. e5 Ne8 12. h3 Rb8 13. b3 Nc7 14. Na4 Nb5 15. Be3 Bf5 16. Rc1 Rc8 17. Nc5 Qa5 18. a4 Nc7 19. Nh4 Be6 20. f4 Rb8 21. Qd3 f6 22. f5 Bf7 23. e6 Be8 24. fxg6 f5 25. Bd2 hxg6 26. Bxa5 1-0


[Site "https://www.chess.com"]

[Event "Titled Tuesday Blitz October 18 Late 2022"]
[White "Pham, Khoi"]
[Black "Thiel, Thomas"]
[WhiteFideId "1054988"]
[BlackFideId "4615964"]
[WhiteElo "2457"]
[BlackElo "2280"]
[Result "1-0"]
[Round "11"]
[TimeControl "180+1"]
[Date "2022.10.19"]
[WhiteClock "0:02:29"]
[BlackClock "0:01:54"]

1. d4 Nf6 2. c4 g6 3. Nc3 d5 4. cxd5 Nxd5 5. Na4 Bg7 6. e4 Nb6 7. Nxb6 axb6 8. Be3 O-O 9. Bc4 c5 10. Ne2 Nc6 11. d5 Na5 12. Qc2 Bd7 13. Ng3 Nxc4 14. Qxc4 Bxb2 15. Rb1 Bg7 16. O-O Ra4 17. Qc2 f5 18. exf5 Bxf5 19. Nxf5 1-0


[Site "https://www.chess.com"]

[Event "Titled Tuesday Blitz October 18 Late 2022"]
[White "Pinheiro, Iung Alicio de O."]
[Black "Li, Ruifeng"]
[WhiteFideId "2104350"]
[BlackFideId "2061074"]
[WhiteElo "2283"]
[BlackElo "2441"]
[Result "1-0"]
[Round "11"]
[TimeControl "180+1"]
[Date "2022.10.18"]
[WhiteClock "0:00:39"]
[BlackClock "0:00:29"]

1. e4 d6 2. d4 Nf6 3. Nc3 Nc6 4. Bb5 a6 5. Bxc6+ bxc6 6. h3 g6 7. Nf3 Bg7 8. O-O O-O 9. Qe2 a5 10. Rd1 Ba6 11. Qe1 Nd7 12. Bg5 Re8 13. e5 Nf8 14. Qe3 d5 15. h4 Ne6 16. Bh6 Bh8 17. h5 Qb8 18. b3 Rd8 19. g3 c5 20. hxg6 hxg6 21. dxc5 c6 22. Na4 Qb4 23. Nd4 Rac8 24. Nxe6 fxe6 25. Rd4 Qb8 26. Re1 Kf7 27. Qg5 Ke8 28. Nb6 Rd7 29. Rf4 Kd8 30. Rf8+ Kc7 31. Nxc8 Bxc8 32. Rxh8 Qb4 33. Qd2 Qxc5 34. c3 Ba6 35. Be3 Qb5 36. Qd4 c5 37. Qxc5+ Qxc5 38. Bxc5 Kc6 39. Bd4 Bd3 40. f3 Rb7 41. Kf2 a4 42. Ke3 Bc2 43. b4 a3 44. Rc8+ Kb5 45. Rc5+ 1-0


[Site "https://www.chess.com"]

[Event "Titled Tuesday Blitz October 18 Late 2022"]
[White "Prydun, Andriy"]
[Black "Papayan, Oleg"]
[WhiteFideId "14145898"]
[BlackFideId "4193911"]
[WhiteElo "2163"]
[BlackElo "2153"]
[Result "1-0"]
[Round "11"]
[TimeControl "180+1"]
[Date "2022.10.19"]
[WhiteClock "0:00:18"]
[BlackClock "0:00:40"]

1. e4 e5 2. Nf3 Nc6 3. Nc3 Nf6 4. d4 exd4 5. Nxd4 Bb4 6. Nxc6 bxc6 7. Bd3 O-O 8. O-O d5 9. exd5 cxd5 10. Bg5 c6 11. Qf3 Rb8 12. a3 Bd6 13. b4 Be5 14. Na4 h6 15. Bh4 Bxa1 16. Rxa1 a5 17. c3 axb4 18. cxb4 Ra8 19. Nc5 Qd6 20. Bg3 Qe7 21. Bh4 Re8 22. h3 Qe5 23. Ra2 Ne4 24. Re2 Rxa3 25. Bg3 Qa1+ 26. Kh2 Qf6 27. Nxe4 Qxf3 28. Nf6+ gxf6 29. Rxe8+ Kg7 30. gxf3 Rxd3 31. Rxc8 Rxf3 32. Rxc6 Rb3 33. Bd6 d4 34. Rc4 d3 35. Rd4 f5 36. Kg3 d2+ 37. Kf4 Kf6 38. Rxd2 Rxh3 39. Rb2 Ke6 40. Bf8 Rh4+ 41. Kg3 Rg4+ 42. Kh3 h5 43. b5 Kd7 44. b6 Kc8 45. b7+ 1-0


[Site "https://www.chess.com"]

[Event "Titled Tuesday Blitz October 18 Late 2022"]
[White "Radovic, Janko"]
[Black "Sernecki, Franciszek"]
[WhiteFideId "911518"]
[BlackFideId "1169297"]
[WhiteElo "2318"]
[BlackElo "2209"]
[Result "0-1"]
[Round "11"]
[TimeControl "180+1"]
[Date "2022.10.18"]
[WhiteClock "0:00:16"]
[BlackClock "0:01:11"]

1. Nf3 c5 2. c4 Nc6 3. g3 g6 4. Bg2 Bg7 5. O-O e5 6. Nc3 d6 7. a3 Nge7 8. b4 O-O 9. bxc5 dxc5 10. Rb1 b6 11. d3 h6 12. Nd2 Be6 13. Bb2 f5 14. a4 Qd7 15. Ba1 Rad8 16. Nb3 a5 17. Nd2 Nb4 18. Qb3 e4 19. Rfd1 exd3 20. exd3 Qxd3 21. Re1 Qxd2 22. Rxe6 Rd3 23. Rxe7 Bxc3 24. Bxc3 Rxc3 25. Qd1 Qxd1+ 26. Rxd1 Rf7 27. Re6 Kg7 28. Rdd6 Rc1+ 29. Bf1 g5 30. Rxh6 g4 31. Rxb6 Re7 32. Rbe6 Rxe6 33. Rxe6 Ra1 34. Re5 Kf6 35. Rxc5 Rxa4 36. Kg2 Ra2 37. Rb5 Ke6 38. c5 Kd5 39. c6+ Kxc6 40. Rxf5 a4 41. Rf4 Nd5 42. Rxg4 Ne3+ 43. Kf3 Nxg4 44. Kxg4 Rxf2 45. Bc4 Rxh2 46. Kf5 a3 47. g4 Kc5 48. Bf7 Rf2+ 0-1


[Site "https://www.chess.com"]

[Event "Titled Tuesday Blitz October 18 Late 2022"]
[White "Rangel, Daniel"]
[Black "Castellanos Gomez, Alejandro"]
[WhiteFideId "2124475"]
[BlackFideId "22284141"]
[WhiteElo "2225"]
[BlackElo "2168"]
[Result "0-1"]
[Round "11"]
[TimeControl "180+1"]
[Date "2022.10.19"]
[WhiteClock "0:00:01"]
[BlackClock "0:00:05"]

1. c4 g6 2. g3 Bg7 3. Bg2 e5 4. Nc3 f5 5. e3 Nf6 6. Nge2 O-O 7. O-O d6 8. d3 c6 9. Rb1 Be6 10. b4 a6 11. a4 Qd7 12. b5 axb5 13. axb5 h5 14. Na4 Qf7 15. Nb6 Ra7 16. Bb2 h4 17. c5 hxg3 18. hxg3 Ng4 19. cxd6 Bh6 20. Nc4 Bxc4 21. dxc4 Qh7 22. bxc6 Bxe3 23. Qd5+ Rf7 24. Bh3 Qxh3 25. Qg2 Qxg2+ 26. Kxg2 Nxc6 27. fxe3 Nxe3+ 28. Kf2 Nxf1 29. Kxf1 Rd7 30. c5 Ra5 31. Rc1 Rb5 32. Ba1 Kf7 33. Ng1 Ke6 34. Nf3 Kd5 35. Ng5 Rxc5 36. Rd1+ Kc4 37. Ne6 Rd5 38. Rc1+ Kb3 39. Rb1+ Ka2 40. Re1 R7xd6 41. Nc7 Rd1 42. Bc3 Rxe1+ 43. Bxe1 Rd1 44. Nb5 Kb3 45. Nc7 Kc4 46. Ne6 Ra1 47. Nf8 Kd5 48. Ke2 b5 49. Nxg6 Ra2+ 50. Kd3 b4 51. Ke3 b3 52. g4 fxg4 53. Bc3 b2 54. Kd3 Ra3 55. Kc2 Rxc3+ 56. Kxb2 Rf3 57. Kc2 Ke4 58. Kd2 Nd4 59. Ke1 g3 60. Nh4 Re3+ 61. Kf1 Nf3 0-1


[Site "https://www.chess.com"]

[Event "Titled Tuesday Blitz October 18 Late 2022"]
[White "Rego, Pedro Filipe"]
[Black "Banzea, Alexandru-Bogdan"]
[WhiteFideId "1904310"]
[BlackFideId "1232622"]
[WhiteElo "2200"]
[BlackElo "2294"]
[Result "0-1"]
[Round "11"]
[TimeControl "180+1"]
[Date "2022.10.19"]
[WhiteClock "0:00:44"]
[BlackClock "0:00:05"]

1. c4 Nf6 2. Nc3 g6 3. d4 Bg7 4. e4 d6 5. Nf3 O-O 6. Be2 e5 7. O-O Nc6 8. d5 Ne7 9. b4 a5 10. Ba3 Re8 11. bxa5 Rxa5 12. Bb4 Ra8 13. a4 Bf8 14. c5 dxc5 15. Bxc5 Nexd5 16. Nxd5 Bxc5 17. Rc1 b6 18. Bb5 Re6 19. Ng5 Rd6 20. Qf3 h6 21. Nh3 Kg7 22. Rfd1 Bg4 23. Qc3 Bxd1 24. Qxe5 Bxa4 25. Bd3 Bc6 26. Nhf4 Bxd5 27. Nxd5 c6 28. Nf4 Rxd3 29. Nxd3 Qxd3 30. h4 Ra2 31. Rf1 Rxf2 32. Rxf2 Bxf2+ 33. Kxf2 Qc2+ 34. Kg3 Qxe4 35. Qc7 Qg4+ 36. Kh2 Qxh4+ 37. Kg1 Qd4+ 38. Kh2 c5 39. Qxb6 Qf4+ 40. Kg1 c4 41. Qc5 Qc1+ 42. Kh2 c3 43. Kh3 c2 44. Qd4 Qd1 0-1


[Site "https://www.chess.com"]

[Event "Titled Tuesday Blitz October 18 Late 2022"]
[White "Reprintsev, Alexander"]
[Black "Noboa Silva, Kevin"]
[WhiteFideId "14100541"]
[BlackFideId "3618471"]
[WhiteElo "2230"]
[BlackElo "2178"]
[Result "1-0"]
[Round "11"]
[TimeControl "180+1"]
[Date "2022.10.19"]
[WhiteClock "0:00:30"]
[BlackClock "0:00:01"]

1. e4 e6 2. d4 d5 3. Nc3 Nf6 4. Bg5 Be7 5. e5 Nfd7 6. h4 h6 7. Bxe7 Qxe7 8. Qg4 O-O 9. Rh3 c5 10. Rg3 f5 11. Qg6 cxd4 12. Nb5 Nxe5 13. Qxh6 f4 14. Rg5 Nbc6 15. O-O-O Bd7 16. Nxd4 Nxd4 17. Rxd4 Rac8 18. Nf3 Rf6 19. Rxg7+ Qxg7 20. Qxg7+ Kxg7 21. Nxe5 Be8 22. Bd3 a6 23. Kd2 Bb5 24. Bxb5 axb5 25. Rb4 Rf5 26. Nd3 e5 27. Rxb5 e4 28. Nb4 Rd8 29. Rxb7+ Kh6 30. Nc6 d4 31. Nxd8 Kh5 32. Rh7+ Kg4 33. Ne6 e3+ 34. Ke2 exf2 35. Kxf2 f3 36. Rg7+ Kxh4 37. g3+ Kh5 38. Nf4+ Kh6 39. Rg6+ Kh7 40. Rd6 Rc5 41. Kxf3 Rxc2 42. Rxd4 Rxb2 43. a4 Ra2 44. Kg4 Ra3 45. Nd3 Kg6 46. Rd6+ Kf7 47. Nc5 Rc3 48. Rc6 Ke7 49. a5 Ra3 50. a6 Kd8 51. Kf4 Ke7 52. g4 Ra1 53. g5 Rf1+ 54. Ke3 Re1+ 55. Kd2 Ra1 56. g6 Ra5 57. Kc3 Ra1 58. Kb4 Ra2 59. Nb3 Kd7 60. Rb6 Kc7 61. Rf6 Rg2 62. Na5 Rg5 63. a7 Rg4+ 64. Kc3 Rg3+ 65. Kd2 Rg2+ 66. Ke1 Rxg6 67. Rxg6 Kd7 68. Rc6 1-0


[Site "https://www.chess.com"]

[Event "Titled Tuesday Blitz October 18 Late 2022"]
[White "Riehle, Marco"]
[Black "Pranav, V"]
[WhiteFideId "12904392"]
[BlackFideId "25060783"]
[WhiteElo "2462"]
[BlackElo "2430"]
[Result "0-1"]
[Round "11"]
[TimeControl "180+1"]
[Date "2022.10.18"]
[WhiteClock "0:01:29"]
[BlackClock "0:02:03"]

1. e4 e5 2. Nf3 Nc6 3. d4 exd4 4. Bc4 Nf6 5. O-O Nxe4 6. Nc3 Nxc3 7. bxc3 d5 8. Bd3 Be7 9. Re1 O-O 10. cxd4 Bf6 11. c3 Ne7 12. Ne5 Bf5 13. Ng4 Bxg4 14. Qxg4 c5 15. dxc5 Rc8 16. Ba3 Nc6 17. Rad1 g6 18. Re3 Qa5 19. Bc1 Qxc5 20. Rf3 Ne5 21. Qf4 Nxf3+ 22. Qxf3 Bxc3 0-1


[Site "https://www.chess.com"]

[Event "Titled Tuesday Blitz October 18 Late 2022"]
[White "Roque Sola, Gisela"]
[Black "Von Buelow, Georg"]
[WhiteFideId "5120241"]
[BlackFideId "4620658"]
[WhiteElo "1961"]
[BlackElo "2230"]
[Result "1-0"]
[Round "11"]
[TimeControl "180+1"]
[Date "2022.10.19"]
[WhiteClock "0:01:38"]
[BlackClock "0:01:29"]

1. e4 c5 2. Nf3 d6 3. d4 cxd4 4. Nxd4 Nf6 5. Nc3 a6 6. Be2 e6 7. O-O Be7 8. Be3 O-O 9. f4 Nc6 10. Kh1 Qc7 11. Nxc6 bxc6 12. Qe1 d5 13. e5 Nd7 14. Qg3 g6 15. Na4 c5 16. b3 Bb7 17. Rae1 Bc6 18. Nb2 a5 19. Bc1 a4 20. Bd3 axb3 21. axb3 Bb7 22. f5 exf5 23. Bxf5 Rae8 24. Bh6 1-0


[Site "https://www.chess.com"]

[Event "Titled Tuesday Blitz October 18 Late 2022"]
[White "Roque Sola, Jose Luis"]
[Black "Marcolino, Daniel Mattos"]
[WhiteFideId "5120390"]
[BlackFideId "2106841"]
[WhiteElo "2117"]
[BlackElo "2069"]
[Result "0-1"]
[Round "11"]
[TimeControl "180+1"]
[Date "2022.10.19"]
[WhiteClock "0:01:14"]
[BlackClock "0:01:42"]

1. c4 e6 2. Nf3 d5 3. b3 Nf6 4. Bb2 Be7 5. g3 O-O 6. Bg2 b6 7. O-O Bb7 8. d3 Nbd7 9. Qc2 c5 10. e3 Rc8 11. Nbd2 Qc7 12. Rac1 Rfd8 13. cxd5 Nxd5 14. Qb1 Qb8 15. Nc4 Qa8 16. Nfe5 Nxe5 17. Nxe5 Nc3 18. Bxb7 Ne2+ 19. Kg2 Qxb7+ 20. f3 Nxc1 21. Qxc1 Bf6 22. Qa1 Bxe5 23. Bxe5 f6 0-1


[Site "https://www.chess.com"]